 Dungeon Crawl Stone Soup version 0.19.1 (webtiles) character file.

105 sal the Chopper (level 4, 0/36 HPs)
             Began as a Hill Orc Berserker on Dec 15, 2016.
             Was a Believer of Trog.
             Slain by Purgy (6 damage)
             ... in a sewer.
             The game lasted 00:11:24 (1700 turns).

sal the Chopper (Hill Orc Berserker)                Turns: 1700, Time: 00:11:24

Health: 0/36       AC:  9    Str: 19    XL:     4   Next: 81%
Magic:  4/4        EV: 10    Int:  8    God:    Trog [**....]
Gold:   132        SH:  0    Dex: 10    Spells: 0 memorised, 3 levels left

rFire  . . .     SeeInvis +     i - +0 mace
rCold  . . .     Gourm    .     l - +1 scale mail
rNeg   . . .     Faith    .     (no shield)
rPois  .         Spirit   .     (no helmet)
rElec  .         Reflect  .     (no cloak)
rCorr  .         Harm     .     (no gloves)
MR     .....                    (no boots)
Stlth  ..........               (no amulet)
                                (no ring)
                                f - ring of see invisible

@: no status effects
A: slimy green scales 1, frail 1, wild magic 1
a: Berserk, Trog's Hand, Burn Spellbooks, Renounce Religion


You were in a sewer.
You worshipped Trog.
Trog was pleased with you.
You were not hungry.

You visited 1 branch of the dungeon, and saw 3 of its levels.
You also visited: Sewer.

You collected 132 gold pieces.

Inventory:

Hand Weapons
 a - a +0 hand axe
 i - a +0 mace (weapon)
Missiles
 j - 20 poisoned needles
 s - 30 stones (quivered)
Armour
 b - a +0 animal skin
 d - a cursed +0 robe
 e - a +0 leather armour
 l - a +1 scale mail (worn)
Jewellery
 f - a ring of see invisible (left hand)
Wands
 p - a wand of iceblast (8/15)
Scrolls
 h - a scroll of recharging
 m - 3 scrolls of fear
 n - a scroll of teleportation
 o - 2 scrolls of identify
 t - a scroll of fog {unknown}
Potions
 k - a potion of mutation
 q - a potion of agility {unknown}
Comestibles
 c - a bread ration
 g - a meat ration
 r - a royal jelly


   Skills:
 + Level 4.3 Fighting
 + Level 4.8(5.2) Axes
 + Level 2.2(3.4) Maces & Flails
 + Level 0.1 Throwing
 + Level 2.5 Armour
 + Level 2.1 Dodging
 + Level 0.3 Stealth


You had 3 spell levels left.
You didn't know any spells.

Dungeon Overview and Level Annotations

Branches:
Dungeon (3/15)

Altars:

Annotations:
Sewer Purgy


Innate Abilities, Weirdness & Mutations

You are partially covered in slimy green scales. (AC +2)
You are frail. (-10% HP)
Your spells are a little harder to cast, but a little more powerful.


Message History

The frilled lizard hisses angrily.
Purgy closely misses you. Purgy claws you but does no damage. Purgy claws you.
You miss Purgy. Purgy bites you. Purgy claws you but does no damage. x2
You closely miss Purgy.
Purgy looks very sad for a moment.
Purgy bites you. Purgy claws you.
* * * LOW HITPOINT WARNING * * *
Purgy barely misses you. Purgy closely misses you. Purgy barely misses you.
Purgy claws you but does no damage.
Zapping:
p - a wand of iceblast (will waste charges)
Press: ? - help, Shift-Dir - straight line
Okay, then.
You barely miss Purgy. The frilled lizard closely misses you. Purgy bites you.
* * * LOW HITPOINT WARNING * * *
Purgy barely misses you. Purgy misses you.
You enter the shallow water.
Moving in this stuff is going to be slow.
The frilled lizard closely misses you. Purgy bites you.
You die...

#≈###≈≈###≈####
#≈≈≈≈≈≈≈≈≈≈≈≈≈≈≈≈≈
≈≈≈≈≈≈≈≈≈≈≈≈≈≈≈≈≈≈≈
≈≈≈≈≈≈≈≈≈≈≈≈≈≈≈≈≈≈≈
≈≈≈≈≈≈≈≈≈≈≈≈≈≈≈≈≈≈≈≈≈
≈≈≈≈≈≈≈≈≈≈≈≈≈≈≈≈≈≈≈≈≈≈
≈≈≈≈≈≈≈≈≈≈≈≈≈≈≈≈≈≈≈≈≈≈#
≈≈≈≈≈≈.≈≈T≈≈≈≈≈≈≈≈≈≈≈≈≈#
≈≈≈≈≈≈...#@≈≈≈≈≈≈≈≈≈≈≈≈≈
≈≈≈≈.######≈≈≈≈≈≈≈≈≈≈≈≈#
≈≈. #.≈≈≈≈≈≈≈≈≈≈≈# ≈
##≈≈≈≈≈≈≈≈≈≈≈≈
##..≈≈≈≈≈≈≈≈≈
##.≈≈≈≈≈≈≈≈≈
###≈≈≈≈≈≈≈## #.≈≈≈≈≈≈≈#
##.≈≈≈≈≈≈≈#


You could see Purgy.

Vanquished Creatures
  Jessica (D:3)
  3 adders
  A dart slug (D:2)
  2 leopard geckos (D:2)
  A ball python (Sewer)
  4 giant cockroaches
  3 goblins (D:2)
  8 hobgoblins
  7 jackals
  2 kobolds (D:2)
  A quokka (D:3)
  5 bats
  A frilled lizard (D:1)
  4 rats
  3 plants (D:1)
46 creatures vanquished.

Notes
Turn   | Place    | Note
-------+----------+-------------------------------------------
     0 | D:1      | sal the Hill Orc Berserker began the quest for the Orb.
     0 | D:1      | Reached XP level 1. HP: 19/19 MP: 1/1
   469 | D:1      | Reached XP level 2. HP: 15/27 MP: 2/2
   955 | D:2      | Gained mutation: You are frail. (-10% HP) [potion of mutation]
   955 | D:2      | Gained mutation: You are partially covered in slimy green scales. (AC +2) [potion of mutation]
   955 | D:2      | Gained mutation: Your spells are a little harder to cast, but a little more powerful. [potion of mutation]
   962 | D:2      | Reached ** piety under Trog
  1029 | D:2      | Reached XP level 3. HP: 28/29 MP: 3/3
  1465 | D:3      | Reached skill level 1 in Maces & Flails
  1583 | D:3      | Reached XP level 4. HP: 36/36 MP: 4/4
  1616 | D:3      | Noticed Jessica
  1628 | D:3      | Killed Jessica
  1651 | D:3      | Found a glowing drain.
  1657 | Sewer    | Entered a sewer
  1692 | Sewer    | Noticed Purgy
  1700 | Sewer    | Slain by Purgy

Skill      XL: |  1  2  3  4 |
---------------+-------------+-----
Fighting       | 4 |  4.3
Maces & Flails | 1 2 |  2.2
Dodging        | 2 |  2.1
Axes           | |  4.8
Throwing       | |  0.1
Armour         | |  2.5
Stealth        | |  0.3

Action                   |  1- 3 |  4- 6 || total
-------------------------+-------+-------++-------
Melee: Hand axe          |   194 |       ||   194
       Mace              |   107 |    19 ||   126
Throw: Stone             |     3 |     8 ||    11
Invok: Berserk           |       |     1 ||     1
  Use: Scroll            |    10 |       ||    10
       Potion            |     2 |       ||     2
  Eat: Bread ration      |     1 |       ||     1
Armor: Leather armour    |    15 |       ||    15
       Animal skin       |     1 |       ||     1
       Scale mail        |    68 |    12 ||    80
Dodge: Dodged            |   113 |    21 ||   134
